 Dungeon Crawl Stone Soup version 0.20-a0-795-ga03948b (webtiles) character file.

68 Alarkh the Slasher (level 4, 25/35 HPs)
             Began as a Demonspawn Monk on Mar 2, 2017.
             Quit the game on level 2 of the Dungeon.
             The game lasted 00:01:38 (2068 turns).

Alarkh the Slasher (Demonspawn Monk)                Turns: 2068, Time: 00:01:39

Health: 25/35      AC:  4    Str: 11    XL:     4   Next: 1%
Magic:  4/4        EV: 13    Int: 13    God:
Gold:   42         SH:  0    Dex: 15    Spells: 3/3 levels left

rFire    . . .     SeeInvis .   b - +2 dagger (venom)
rCold    . . .     Gourm    .   l - +0 robe
rNeg     + . .     Faith    .   (no shield)
rPois    .         Spirit   .   (no helmet)
rElec    .         Reflect  .   (no cloak)
rCorr    .         Harm     .   (no gloves)
MR       .....                  (no boots)
Stlth    ++........             (no amulet)
Regen    0.2/turn               p - ring of flight
MPRegen  0.1/turn               d - ring of positive energy

@: mildly poisoned (25 -> 19)
A: claws 1, icy blue scales 1, spiny 1
a: Evoke Flight


You were on level 2 of the Dungeon.
You were not hungry.

You visited 1 branch of the dungeon, and saw 2 of its levels.

You collected 42 gold pieces.

Inventory:

Hand Weapons
 a - a +0 falchion
 b - a +2 dagger of venom (weapon)
Armour
 l - a +0 robe (worn)
Jewellery
 d - a ring of positive energy (left claw)
 p - a ring of flight (right claw)
Scrolls
 e - a scroll of random uselessness {unknown}
 g - a scroll of remove curse
 i - a scroll of magic mapping {unknown}
 n - a scroll of teleportation {unknown}
 q - 2 scrolls of identify {unknown}
 r - 2 scrolls of immolation {unknown}
 t - 2 scrolls of enchant weapon {unknown}
Potions
 f - a potion of curing {unknown}
 k - 2 potions of might {unknown}
 s - a potion of magic {unknown}
Comestibles
 c - a bread ration
 h - a royal jelly
 j - 3 fruits
 m - a meat ration
 o - 2 chunks of flesh


   Skills:
 + Level 3.4 Fighting
 * Level 3.8 Long Blades
 + Level 3.1 Dodging
 - Level 1.7 Stealth


You had 3 spell levels left.
You didn't know any spells.

Dungeon Overview and Level Annotations

Branches:
Dungeon (2/15)

Altars:
Vehumet


Innate Abilities, Weirdness & Mutations

You have sharp fingernails.
You are partially covered in icy blue scales. (AC +2)
You are partially covered in sharp spines.


Message History

You closely miss the adder.
The adder is moderately wounded.
You feel sick. The adder bites you.
You are more poisoned.
The adder poisons you!
You hit the adder.
The adder is poisoned.
The adder is moderately wounded.
The adder closely misses you.
You closely miss the adder.
The adder is moderately wounded.
You feel sick. The adder completely misses you.
The adder is struck by your spines. The adder bites you.
You hit the adder.
You kill the adder!
You have reached level 4!
You feel clever.
Your demonic ancestry asserts itself...
Your fingernails lengthen.
You feel sick.
You see here an adder corpse.
Are you sure you want to abandon this character and quit the game? (Confirm with "yes".)

##########........# #.#
...# #.>......# #.# ##.#
#........# #.#
##.###########'#### #.#
##.............# #.# #
#######################.#
.# ...
........(...#..###.#.#
### #............(.)....#
#...$.@.....#...#?..#
#...........###.## ..#
#.#########..#...#...#
#....._.....#
#...#b..#...#
#..###.###..# #... ...#
..# ..... ...b. .#
######.b#.### #


You could see a bat.

Vanquished Creatures
  4 adders (D:2)
  A worm (D:2)
  2 leopard geckos (D:2)
  6 bats (D:1)
  A giant cockroach (D:1)
  4 goblins
  3 hobgoblins
  A frilled lizard (D:2)
  4 kobolds
  3 rats
29 creatures vanquished.

Notes
Turn   | Place    | Note
-------+----------+-------------------------------------------
     0 | D:1      | Alarkh the Demonspawn Monk began the quest for the Orb.
     0 | D:1      | Reached XP level 1. HP: 18/18 MP: 1/1
     6 | D:1      | Noticed a killer bee
     6 | D:1      | Noticed a komodo dragon
     6 | D:1      | Noticed a lindwurm
     7 | D:1      | Noticed an anaconda
   379 | D:1      | Gained mutation: You are partially covered in sharp spines. [demonic ancestry]
   379 | D:1      | Reached XP level 2. HP: 24/24 MP: 2/2
  1234 | D:2      | Gained mutation: You are partially covered in icy blue scales. (AC +2) [demonic ancestry]
  1234 | D:2      | Reached XP level 3. HP: 10/29 MP: 3/3
  2033 | D:2      | Found a radiant altar of Vehumet.
  2066 | D:2      | Gained mutation: You have sharp fingernails. [demonic ancestry]
  2066 | D:2      | Reached XP level 4. HP: 26/35 MP: 4/4
  2068 | D:2      | Quit the game

Vault maps used:
D:1:      onia_arrival_zoo_common
D:2:      vehumet_crystals

Skill      XL: |  1  2 |
---------------+-------+-----
Long Blades    | 3 |  3.8
Dodging        | 3 |  3.1
Fighting       | |  3.4
Stealth        | |  1.7

Action                   |  1- 3 |  4- 6 || total
-------------------------+-------+-------++-------
Melee: Falchion          |    39 |       ||    39
       Dagger            |    33 |       ||    33
  Use: Scroll            |     1 |       ||     1
 Stab: Sleeping          |     4 |       ||     4
  Eat: Chunk             |     4 |       ||     4
Armor: Robe              |    15 |       ||    15
Dodge: Dodged            |    50 |       ||    50
       Rpst.: Falchion   |    12 |       ||    12
